 Dungeon Crawl Stone Soup version 0.20-a0-81-g6e69d53 (webtiles) character file.

16 Krakonus1 the Insei (level 2, -1/21 HPs)
             Began as a Demonspawn Transmuter on Nov 20, 2016.
             Slain by a worm (11 damage)
             ... on level 1 of the Dungeon.
             The game lasted 00:11:32 (814 turns).

Krakonus1 the Insei (Demonspawn Transmuter)          Turns: 814, Time: 00:11:37

Health: -1/21      AC:  2    Str: 10    XL:     2   Next: 41%
Magic:  3/5        EV: 12    Int: 14    God:
Gold:   89         SH:  0    Dex: 13    Spells: 2 memorised, 2 levels left

rFire  . . .     SeeInvis .     h - +0 dagger
rCold  . . .     Gourm    .     b - +0 robe
rNeg   . . .     Faith    .     (no shield)
rPois  +         Spirit   .     (no helmet)
rElec  .         Reflect  .     (no cloak)
rCorr  .         Harm     .     (no gloves)
MR     .....                    (boots currently unavailable)
Stlth  +.........               (no amulet)
                                (no ring)
                                g - ring of poison resistance

@: appendage (expiring), very slightly contaminated
A: talons 3, powered by pain 1
a: End Transformation


You were on level 1 of the Dungeon.
You were not hungry.
You had grown temporary talons.
You visited 1 branch of the dungeon, and saw 1 of its levels.

You collected 89 gold pieces.

Inventory:

Hand Weapons
 h - a +0 dagger (weapon)
 j - a +0 hand axe
 k - a +0 club
 l - a +0 mace
 m - a +0 dagger
 p - a +0 club
Missiles
 a - 28 arrows
 e - 5 javelins of returning (quivered)
 i - 18 bolts
 o - 43 stones
Armour
 b - a +0 robe (worn)
 n - a +0 chain mail
 r - a +0 helmet
 s - a +0 leather armour
Jewellery
 g - a ring of poison resistance (left hand)
Potions
 q - a potion of magic {unknown}
Books
 c - a book of Changes

   Spells                             Type                      Level
   a - Beastly Appendage              Transmutation                1
   b - Sticks to Snakes               Transmutation                2
   c - Spider Form                    Transmutation/Poison         3
   d - Ice Form                       Ice/Transmutation            4
   e - Blade Hands                    Transmutation                5
Comestibles
 d - 2 bread rations


   Skills:
 + Level 1.0 Fighting
 + Level 1.9 Dodging
 + Level 3.0 Unarmed Combat
 * Level 2.3 Spellcasting
 * Level 1.8 Transmutations


You had 2 spell levels left.
You knew the following spells:

 Your Spells              Type           Power        Failure   Level  Hunger
a - Beastly Appendage     Tmut           #.....       14%         1    #......
b - Sticks to Snakes      Tmut           #.......     21%         2    ###....


Dungeon Overview and Level Annotations

Branches:
Dungeon (1/15)

Altars:


Innate Abilities, Weirdness & Mutations

You sometimes gain a little power by taking damage.
You have claws for feet.


Message History

The worm is moderately wounded.
The worm closely misses you.
You hit the worm. You claw the worm.
The worm is moderately wounded.
You hit the worm but do no damage. You claw the worm.
The worm is heavily wounded.
The worm bites you.
You completely miss the worm.
The worm is heavily wounded.
You barely miss the worm.
The worm is heavily wounded.
The worm bites you!
Casting: Beastly Appendage
Confirm with . or Enter, or press ? or * to list all spells.
You miscast Sticks to Snakes.
You are very lightly contaminated with residual magic.
The air around you crackles with energy!
The worm bites you!
Ouch! That really hurt!
You die...

#.###.#.####.####.###....#.#
#..##.#.####............##.#
####.......#.####.####.###.# #
#....##.#.# #.# #.# #.# #
#..####.#.# #.####.# #.#..#
####..# #.#.####..§§..###.#..#
#..##.# ##.#....#####......#..#
...<#.# #.......######.#####..##
#..##.# #.......@w..............
....#.# #...###.#######.#.#..#
#####.###.#.# #.# #.#....####
......##..#.# ###..####..........
####.###..#.###.#.........#.#####
#.# #..#.#.#.#..####.#.#.#
####.###.÷#.#.#.##.#........#
............#....#.#.##.###.#
###.####...##.#..#......###.#


You could see a worm.

Vanquished Creatures
  A bat (D:1)
  4 goblins (D:1)
  2 hobgoblins (D:1)
  2 kobolds (D:1)
  A frilled lizard (D:1)
  4 rats (D:1)
14 creatures vanquished.

Vanquished Creatures (collateral kills)
  A rat (D:1)
1 creature vanquished.

Grand Total: 15 creatures vanquished

Notes
Turn   | Place    | Note
-------+----------+-------------------------------------------
     0 | D:1      | Krakonus1 the Demonspawn Transmuter began the quest for the Orb.
     0 | D:1      | Reached XP level 1. HP: 15/15 MP: 3/3
   376 | D:1      | Gained mutation: You sometimes gain a little power by taking damage. [demonic ancestry]
   376 | D:1      | Reached XP level 2. HP: 9/21 MP: 3/5
   459 | D:1      | Reached skill level 3 in Unarmed Combat
   476 | D:1      | Learned a level 2 spell: Sticks to Snakes
   814 | D:1      | Slain by a worm

Vault maps used:
D:1:      lemuel_arrival_tunnels

Skill      XL: |  1  2 |
---------------+-------+-----
Unarmed Combat | 3 |  3.0
Fighting       | |  1.0
Dodging        | |  1.9
Spellcasting   | |  2.3
Transmutations | |  1.8

Action                   || total
-------------------------++-------
Melee: Unarmed           ||    14
       Club              ||     5
       Kick              ||     7
       Hand axe          ||    15
       Headbutt          ||     2
       Punch             ||     1
       Dagger            ||    10
 Cast: Beastly Appendage ||     8
       Sticks to Snakes  ||     4
  Use: Scroll            ||     3
       Potion            ||     3
Armor: Robe              ||     9
Dodge: Dodged            ||    22
